 Dungeon Crawl Stone Soup version 0.18-a0-1495-gc91f3eb (webtiles) character file.

405 CulBaka the Gusty (level 6, -7/34 HPs)
             Began as a Tengu Air Elementalist on Feb 23, 2016.
             Was an Initiate of Ru.
             Killed by triggering an arrow trap (10 damage)
             ... in an ossuary.
             The game lasted 00:32:59 (4700 turns).

CulBaka the Gusty (Tengu Air Elementalist)          Turns: 4700, Time: 00:32:59

Health: -7/34      AC:  2    Str:  8    XL:     6   Next: 87%
Magic:  6/12       EV: 16    Int: 17    God:    Ru [......]
Gold:   146        SH:  0    Dex: 15    Spells: 3 memorised, 7 levels left

rFire  . . .     SeeInvis .     w - +1 battleaxe
rCold  . . .     Gourm    .     a - +0 robe
rNeg   . . .     Faith    .     (shield currently unavailable)
rPois  .         Spirit   .     (helmet restricted)
rElec  .         Dismiss  .     (no cloak)
rCorr  .         Reflect  .     (no gloves)
SustAt .         Harm     .     (boots unavailable)
MR     .....                    r - amulet of regeneration
Stlth  ++........               (no ring)
                                (no ring)

@: flying quickly and evasively, very slightly contaminated, repel missiles,
quick, not resistant to hostile enchantments, unstealthy
A: beak, talons 3, able to fly 1
a: Renounce Religion


You were in an ossuary.
You worshipped Ru.
Ru was noncommittal.
You were near starving.

You visited 2 branches of the dungeon, and saw 6 of its levels.
You also visited: Ossuary.

You collected 146 gold pieces.

Inventory:

Hand Weapons
 w - a +1 battleaxe (weapon)
Armour
 a - a +0 robe (worn)
Jewellery
 r - an amulet of regeneration (around neck)
Wands
 y - a wand of slowing (35/48)
Scrolls
 d - 8 scrolls of identify
 e - 4 scrolls of remove curse
 k - a scroll of teleportation
 s - a scroll of random uselessness
Potions
 i - a potion of berserk rage
 l - 2 potions of flight {unknown}
 n - a potion of mutation {unknown}
 p - 2 potions of might {unknown}
 q - a potion of curing {unknown}
 u - a potion of haste {unknown}
 z - 3 potions of heal wounds {unknown}
Books
 b - a book of Air

   Spells                             Type                      Level
   a - Shock                          Conjuration/Air              1
   b - Swiftness                      Charms/Air                   2
   c - Repel Missiles                 Charms/Air                   2
   d - Static Discharge               Conjuration/Air              3
   e - Lightning Bolt                 Conjuration/Air              5
Comestibles
 c - 4 bread rations
 h - 3 fruits
 j - 3 meat rations
 o - a royal jelly
 v - a slice of pizza


   Skills:
 + Level 1.1 Fighting
 * Level 1.3 Axes
 + Level 3.7 Dodging
 + Level 2.8 Stealth
 + Level 3.8 Spellcasting
 + Level 3.4 Conjurations
 + Level 5.8 Air Magic


You had 7 spell levels left.
You knew the following spells:

 Your Spells              Type           Power        Failure   Level  Hunger
a - Shock                 Conj/Air       ###.         2%          1    None
b - Swiftness             Chrm/Air       ##......     10%         2    ##.....
c - Repel Missiles        Chrm/Air       ##....       10%         2    ##.....


Dungeon Overview and Level Annotations

Branches:
Dungeon (5/15)             Temple (1/1) D:5

Altars:
Ashenzari
Dithmenos
Fedhas
Kikubaaqudgha
Makhleb
Nemelex Xobeh
Okawaru
Pakellas
Qazlal
Ru
Sif Muna
Trog
Ukayaw
Vehumet
Xom
Yredelemnul
Zin


Innate Abilities, Weirdness & Mutations

You have a beak for a mouth.
You have claws for feet.
You can fly.


Message History

You swoop lightly up into the air.
You feel very comfortable in the air.
You feel somewhat more hungry. The water moccasin zombie bites you.
* * * LOW HITPOINT WARNING * * *
Really fly into that needle trap?
Okay, then.
Really fly into that needle trap?
Okay, then.
Really fly into that needle trap?
Okay, then.
Unknown command.
Really fly into that needle trap?
You avoid triggering a needle trap.
There is a needle trap here.
A poisoned needle hits the water moccasin zombie, but does no damage!
A poisoned needle hits the gnoll zombie!
A poisoned needle hits the water moccasin zombie, but does no damage!
A poisoned needle hits the gnoll zombie, but does no damage!
There is an open door here.
An arrow shoots out and hits you!
You die...

#...# #...#
##'## #^^Z#
#.Z^# #^.^#
#..Z# ###'#
#.@^# ###
#####^^^#
#!!!?#...#..^#
+!/(?#.∩.'...#
#!?!!#...#..∩#
### #########


You could see 2 water moccasin zombies.

Vanquished Creatures
  A scorpion (D:4)
  A hound (D:4)
  2 giant frog skeletons
  An orc wizard (D:3)
  A worker ant (D:4)
  A hound skeleton (D:4)
  A gnoll (D:1)
  10 adders
  An ooze (D:1)
  An adder zombie (Ossuary)
  An adder skeleton (D:4)
  A worm (D:4)
  3 dart slugs
  3 giant geckos
  6 orcs
  4 bats
  4 giant cockroaches
  A gnoll zombie (Ossuary)
  6 goblins
  6 hobgoblins
  6 jackals
  4 quokkas
  4 giant newts
  2 hobgoblin zombies (Ossuary)
  7 kobolds
  A kobold zombie (Ossuary)
  8 rats
87 creatures vanquished.

Notes
Turn   | Place    | Note
--------------------------------------------------------------
     0 | D:1      | CulBaka the Tengu Air Elementalist began the quest for the Orb.
     0 | D:1      | Reached XP level 1. HP: 10/10 MP: 4/4
   116 | D:1      | Reached XP level 2. HP: 9/15 MP: 3/6
   474 | D:1      | Reached XP level 3. HP: 19/19 MP: 4/7
   478 | D:1      | Learned a level 2 spell: Swiftness
   481 | D:1      | Learned a level 2 spell: Repel Missiles
  1174 | D:1      | Reached skill level 5 in Air Magic
  1384 | D:1      | Reached XP level 4. HP: 13/24 MP: 2/8
  2432 | D:3      | Gained mutation: You can fly. [Tengu growth]
  2432 | D:3      | Reached XP level 5. HP: 19/28 MP: 4/10
  3360 | D:4      | Reached XP level 6. HP: 29/33 MP: 1/12
  3527 | D:4      | Found a sacrificial altar of Ru.
  3528 | D:4      | Found a shattered altar of Ashenzari.
  3528 | D:4      | Found a hide-covered altar to Ukayaw.
  3529 | D:4      | Found an oddly glowing altar of Pakellas.
  3530 | D:4      | Found a burning altar of Makhleb.
  3567 | D:4      | Became a worshipper of Ru the Awakened
  3867 | D:4      | Reached skill level 1 in Fighting
  3926 | D:4      | Reached skill level 1 in Axes
  4330 | D:5      | Entered Level 5 of the Dungeon
  4422 | D:5      | Found a staircase to the Ecumenical Temple.
  4429 | Temple   | Entered the Ecumenical Temple
  4653 | D:5      | Found a sand-covered staircase.
  4662 | Ossuary  | Entered an ossuary
  4695 | Ossuary  | HP: 1/34 [water moccasin zombie (4)]
  4700 | Ossuary  | Killed by triggering an arrow trap

Vault maps used:
D:1:      dpeg_arrival_tiny_a, roderic_curled_sauvastika,
          minmay_misc_feat_diagonals
D:4:      grunt_temple_overflow_open, first_bread, st_stairs_12
D:5:      minmay_temple_entry_butterflies, nicolae_ossuary_entry_ruins,
          sigmund_edmund_badplayer
Temple:   oiseaux_autumnal_temple_12
Ossuary:  ossuary_tomb_2

Skill      XL: |  1  2  3  4  5  6 |
---------------+-------------------+-----
Conjurations   | 2 3 |  3.4
Air Magic      | 5 |  5.8
Dodging        | 3 |  3.7
Spellcasting   | 3 |  3.8
Fighting       | 1 |  1.1
Axes           | 1 |  1.3
Stealth        | |  2.8

Action                   |  1- 3 |  4- 6 || total
-------------------------+-------+-------++-------
Melee: Unarmed           |     2 |     4 ||     6
       Battleaxe         |       |    21 ||    21
 Cast: Shock             |    44 |   114 ||   158
       Repel Missiles    |       |     1 ||     1
 Abil: Fly               |       |     1 ||     1
  Use: Scroll            |       |     8 ||     8
       Potion            |       |     1 ||     1
 Stab: Sleeping          |       |     4 ||     4
  Eat: Chunk             |     2 |     9 ||    11
